 Dungeon Crawl Stone Soup version 0.21-a0-338-g36cf2fc (webtiles) character file.

161 Cecky the Skirmisher (level 5, -6/47 HPs)
             Began as a Hill Orc Fighter on Oct 4, 2017.
             Was an Initiate of the Shining One.
             Killed by divine providence
             ... invoked by an orc priest
              (12 damage)
             ... on level 3 of the Dungeon.
             The game lasted 00:07:49 (2297 turns).

Cecky the Skirmisher (Hill Orc Fighter)             Turns: 2297, Time: 00:07:50

Health: -6/47      AC: 11    Str: 25    XL:     5   Next: 42%
Magic:  5/5        EV:  6    Int:  8    God:    the Shining One [......]
Gold:   93         SH: 10    Dex: 10    Spells: 4/4 levels left

rFire    . . .     SeeInvis .   a - +0 long sword
rCold    . . .     Gourm    .   c - +0 shield
rNeg     . . .     Faith    .   l - +0 chain mail
rPois    .         Spirit   .   (no helmet)
rElec    .         Reflect  .   (no cloak)
rCorr    .         Harm     .   r - +0 pair of gloves
MR       .....                  e - +0 pair of boots {run}
Stlth    ..........             (no amulet)
HPRegen  0.15/turn              (no ring)
MPRegen  0.09/turn              (no ring)

@: mighty, lethally poisoned (-6 -> -11), glowing, quick
A: no striking features
a: Renounce Religion, Convert to Beogh


You were on level 3 of the Dungeon.
You worshipped the Shining One.
The Shining One was noncommittal.
You were not hungry.

You visited 1 branch of the dungeon, and saw 3 of its levels.

You collected 93 gold pieces.

Inventory:

Hand Weapons
 a - a +0 long sword (weapon)
Armour
 c - a +0 shield (worn)
 e - a +0 pair of boots of running (worn)
 l - a +0 chain mail (worn)
 r - a +0 pair of gloves (worn)
Scrolls
 b - 2 scrolls of fear
 j - 2 scrolls of remove curse
 m - 2 scrolls of fog {unknown}
 q - 2 scrolls of teleportation {unknown}
Potions
 h - 2 potions of flight {unknown}
 k - 2 potions of lignification {unknown}
 n - a potion of brilliance {unknown}
 p - a potion of heal wounds {unknown}
Comestibles
 f - 2 bread rations
 g - 4 fruits
 i - a royal jelly
 o - 4 chunks of flesh


   Skills:
 - Level 4.3 Fighting
 + Level 4.2 Long Blades
 + Level 4.2 Armour
 - Level 0.3 Dodging
 + Level 4.0 Shields


You had 4 spell levels left.
You didn't know any spells.

Dungeon Overview and Level Annotations

Branches:
Dungeon (3/15)

Altars:
Uskayaw
Xom
The Shining One


Message History

Beogh smites you! The orc hits you but does no damage. x2
The orc priest hits you but does no damage.
The orc priest calls down the wrath of Beogh upon you.
Pain shoots through your body!
The orc priest shouts, "Join the one true god or die!"
You barely miss the orc priest.
You feel sick. The orc hits you but does no damage.
The orc priest hits you but does no damage.
You block the orc's attack.
You feel very mighty all of a sudden.
You feel sick.
The orc priest mumbles some strange prayers to Beogh against you.
Beogh smites you!
* * * LOW HITPOINT WARNING * * *
The orc closely misses you.
You riposte.
You closely miss the orc.
The orc is heavily wounded.
You block the orc's attack.
The orc priest calls down the wrath of Beogh upon you.
Beogh smites you!
You die...

#... #..........####..
#.......#.#######........
#.#...#.#.#######...#####
#.......#.##........#####
#.......#.##.####.#.##...
.... ..#.##.####.#.##)##
.#...#.#.........#.##.##
......o#o##.######......
......o@o# # ####.##
##...##### #.# #. #.# #.#
#.. ###


You could see 2 orc priests and 2 orcs.

Vanquished Creatures
  An orc priest (D:3)
  An adder (D:2)
  5 gnolls
  3 worms (D:2)
  A dart slug (D:1)
  2 leopard geckos
  3 orcs (D:3)
  4 giant cockroaches
  6 goblins
  8 hobgoblins
  4 jackals (D:1)
  4 kobolds (D:1)
  A quokka (D:2)
  5 bats
  A frilled lizard (D:1)
  7 rats
56 creatures vanquished.

Notes
Turn   | Place    | Note
-------+----------+-------------------------------------------
     0 | D:1      | Cecky the Hill Orc Fighter began the quest for the Orb.
     0 | D:1      | Reached XP level 1. HP: 19/19 MP: 1/1
    17 | D:1      | Reached XP level 2. HP: 27/27 MP: 2/2
   207 | D:1      | Reached XP level 3. HP: 28/33 MP: 3/3
   483 | D:1      | You fall through a shaft!
   526 | D:2      | Reached XP level 4. HP: 39/40 MP: 4/4
   554 | D:2      | Found a glowing golden altar of the Shining One.
   568 | D:2      | Became a worshipper of the Shining One
   577 | D:2      | Found a hide-covered altar of Uskayaw.
  1328 | D:2      | Reached XP level 5. HP: 27/47 MP: 5/5
  1489 | D:2      | Identified a +0 pair of boots of running (You found it on level 1 of the Dungeon)
  1615 | D:2      | Found a shimmering altar of Xom.
  2297 | D:3      | Killed from afar by an orc priest

Vault maps used:
D:1:      minmay_arrival_three_doors, minmay_vboxes
D:2:      eat_drink_and_be_merry_uskayaw, tso_oasis_becter, marbit_many_paths,
          serial_bayou, serial_bayou_crossing, serial_bayou_lake_a,
          serial_bayou_pond_c, serial_bayou_pond_b, first_bread, hex_tiny
D:3:      cheibrodos_pilgrimage, uniq_natasha

Skill      XL: |  1  2  3  4  5 |
---------------+----------------+-----
Fighting       | 4 |  4.3
Long Blades    | 3 4 |  4.2
Armour         | 4 |  4.2
Shields        | 4 |  4.0
Dodging        | |  0.3

Action                   |  1- 3 |  4- 6 || total
-------------------------+-------+-------++-------
Melee: Long sword        |   114 |   114 ||   228
  Use: Scroll            |       |     4 ||     4
       Potion            |       |     1 ||     1
  Eat: Bread ration      |       |     1 ||     1
       Chunk             |       |     1 ||     1
Armor: Scale mail        |    47 |       ||    47
       Chain mail        |    14 |    61 ||    75
Dodge: Dodged            |    44 |    34 ||    78
Block: Shield            |    58 |    50 ||   108
       Rpst.: Long sword |    17 |    11 ||    28

Table legend:
 A = Spawn XP
 B = Non-spawn XP
 C = Spawn XP percentage of total XP
 D = Spawn monster count
 E = Non-spawn monster count
 F = Spawn count percentage of total count
 G = Total turns spent on level
                    A         B        C        D         E        F      G
               +---------+---------+-------+---------+---------+-------+---------
         Total |       0 |     231 |   0.0 |       0 |      56 |   0.0 |  2297
               +---------+---------+-------+---------+---------+-------+---------
           D:1 |       0 |      66 |   0.0 |       0 |      30 |   0.0 |   739
           D:2 |       0 |     113 |   0.0 |       0 |      22 |   0.0 |  1476
           D:3 |       0 |      52 |   0.0 |       0 |       4 |   0.0 |    82
               +---------+---------+-------+---------+---------+-------+---------
